 Dungeon Crawl Stone Soup version 0.31-b1-20-g67cafac56d (webtiles) character file.

Game seed: 6782834412231677346

390285 Strat the Slayer (level 23, -14/240 (260) HPs)
             Began as an Oni Alchemist on Jan 16, 2024.
             Was the Champion of Nemelex Xobeh.
             Killed from afar by Boris (53 damage)
             ... with a bolt of cold
             ... on level 4 of the Depths on Jan 17, 2024.
             The game lasted 03:30:44 (77553 turns).

Strat the Slayer (Oni Alchemist)                   Turns: 77553, Time: 03:30:45

HP:   -14/240 (260) AC: 22    Str: 19    XL:     23   Next: 8%
MP:   0/44          EV:  8    Int: 24    God:    Nemelex Xobeh [******]
Gold: 4799          SH: 13    Dex: 13    Spells: 8/57 levels left

rFire   . . .        a - +4 eveningstar (freeze)
rCold   . . .        Z - +2 kite shield {AC+3}
rNeg    + + .        x - quicksilver dragon scales
rPois   +            A - +2 hat {Int+3}
rElec   +            y - +2 cloak
rCorr   +            (gloves unavailable)
SInv    .            (boots unavailable)
Will    +++..        O - amulet of Lyef {Spirit rN+ rCorr}
Stlth   ++           T - ring "Hemounud" {rElec rPois rN+ Int-3 Stlth+}
HPRegen 0.60/turn    o - ring "Ismon" {Int+3 Slay+4}
MPRegen 0.29/turn

%: clarity, guardian spirit
@: about to teleport, very slightly contaminated, drained
A: large, unfitting armour, horns 1, tough skin 1, double potion healing,
drunken brawling, agile 1, clarity, subdued magic 1
}: 2/15 runes: decaying, serpentine
a: Renounce Religion, Draw Escape, Draw Destruction, Draw Summoning, Triple
Draw, Deal Four, Stack Five


You were on level 4 of the Depths.
You worshipped Nemelex Xobeh.
Nemelex Xobeh was exalted by your worship.
You visited 8 branches of the dungeon, and saw 39 of its levels.
You also visited: Gauntlet.

You collected 5446 gold pieces.
You spent 647 gold pieces at shops.

Inventory:

Hand Weapons
 a - a +4 eveningstar of freezing (weapon)
 b - the +7 lajatang of Order {silver, rMut}
   (You took it off a minotaur in a Gauntlet)

   rMut:      It protects you from mutation.
Missiles
 i - 6 throwing nets
 n - 8 javelins
 w - 12 curare-tipped darts
 F - 80 large rocks (quivered)
 H - 6 darts of dispersal
 K - 14 silver javelins
Armour
 x - quicksilver dragon scales (worn)
 y - a +2 cloak (worn)
 A - a +2 hat of intelligence (worn)
 Z - a +2 kite shield of protection (worn)
Jewellery
 m - the ring of Zauk {rN+ Int+3 Dex+3 SInv}
   (You found it on level 1 of the Snake Pit)

   [ring of see invisible]

   Int+3:     It affects your intelligence (+3).
   Dex+3:     It affects your dexterity (+3).
   rN+:       It protects you from negative energy.
   SInv:      It lets you see invisible.
 o - the ring "Ismon" (right hand) {Int+3 Slay+4}
   (You found it on level 3 of the Depths)

   [ring of slaying]

   Int+3:     It affects your intelligence (+3).
   Slay+4:    It affects your accuracy & damage with ranged weapons and melee
   (+4).
 L - a ring of protection from cold
 O - the amulet of Lyef (around neck) {Spirit rN+ rCorr}
   (You found it in a Gauntlet)

   [amulet of guardian spirit]

   Spirit:    It causes incoming damage to be divided between your reserves of
   health and magic.
   rN+:       It protects you from negative energy.
   rCorr:     It protects you from acid and corrosion.
 S - the ring of the Invisible Hand {rF+ Str+5 Int+3}
   (You acquired it on level 3 of the Lair of Beasts)

   [ring of protection from fire]

   Str+5:     It affects your strength (+5).
   Int+3:     It affects your intelligence (+3).
   rF+:       It protects you from fire.
 T - the ring "Hemounud" (left hand) {rElec rPois rN+ Int-3 Stlth+}
   (You found it on level 3 of the Depths)

   [ring of positive energy]

   Int-3:     It affects your intelligence (-3).
   rElec:     It insulates you from electricity.
   rPois:     It protects you from poison rN+: It protects you from negative
   energy.
   Stlth+:    It makes you more stealthy.
 W - the ring "Baqocw" {Will+ Str+6}
   (You found it on level 5 of the Lair of Beasts)

   [ring of strength]

   Str+6:     It affects your strength (+6).
   Will+:     It increases your willpower.
Wands
 p - a wand of charming (42)
 r - a wand of flame (84)
 z - a wand of roots (22)
 J - a wand of light (21)
 P - a wand of digging (4)
 R - a wand of polymorph (20)
Scrolls
 d - 11 scrolls of teleportation
 f - 4 scrolls of vulnerability
 l - 7 scrolls of amnesia
 q - a scroll of poison
 v - 2 scrolls of fog
 D - 5 scrolls of enchant armour
 U - 15 scrolls of identify
 V - 4 scrolls of immolation
 X - 4 scrolls of revelation
 Y - 2 scrolls of fear
Potions
 c - a potion of invisibility
 e - 3 potions of berserk rage
 h - 8 potions of brilliance
 j - 5 potions of might
 k - 2 potions of resistance
 s - 5 potions of ambrosia
 u - 7 potions of curing
 B - 6 potions of lignification
 C - a potion of magic
 M - 5 potions of enlightenment
 N - 7 potions of mutation
Miscellaneous
 E - a lightning rod (4/4)


   Skills:
 + Level 21.2 Fighting
 - Level 6.9(12.1) Axes
 - Level 15.4(16.0) Maces & Flails
 + Level 16.0 Throwing
 - Level 10.0 Armour
 - Level 1.7 Dodging
 - Level 1.4 Stealth
 - Level 10.0 Shields
 + Level 17.6 Spellcasting
 - Level 6.0 Conjurations
 - Level 5.0 Hexes
 + Level 9.3 Translocations
 - Level 2.0 Fire Magic
 - Level 3.0 Ice Magic
 - Level 13.1 Alchemy
 + Level 16.0 Invocations


You had 8 spell levels left.
You knew the following spells:

 Your Spells              Type           Power      Damage    Failure   Level
a - Blink                 Tloc           100%       N/A       1%          2
b - Mercury Vapours       Alch/Air       80%        N/A       1%          2
c - Olgreb's Toxic Radia  Alch           60%        N/A       1%          4
d - Mephitic Cloud        Conj/Alch/Air  39%        N/A       1%          3
e - Sticky Flame          Fire/Alch      44%        2d8       2%          4
f - Manifold Assault      Tloc           50%        N/A       1%          4
g - Lesser Beckoning      Tloc           100%       N/A       1%          2
h - Teleport Other        Tloc           50%        N/A       1%          3
i - Dimensional Bullseye  Hex/Tloc       21%        N/A       2%          4
j - Frozen Ramparts       Ice            54%        1d9       4%          3
k - Irradiate             Conj/Alch      25%        3d20      3%          5
l - Iskenderun's Mystic   Conj/Tloc      44%        2d10      2%          4
m - Passage of Golubria   Tloc           50%        N/A       1%          4
n - Yara's Violent Unrav  Hex/Alch       24%        3d11      3%          5

Your spell library contained the following spells:

 Spells                   Type           Power      Damage    Failure   Level
 Freeze                   Ice            100%       1d10      1%          1
 Kiss of Death            Conj/Necr      100%       2d13      1%          1
 Shock                    Conj/Air       100%       1d9       1%          1
 Sting                    Conj/Alch      100%       1d9       1%          1
 Cigotuvi's Dreadful Rot  Necr/Alch/Air  64%        N/A       1%          2
 Momentum Strike          Conj/Tloc      88%        3d10      1%          2
 Confusing Touch          Hex            34%        N/A       1%          3
 Gell's Gravitas          Tloc           50%        N/A       1%          3
 Sigil of Binding         Hex            34%        N/A       1%          3
 Tukima's Dance           Hex            34%        N/A       1%          3
 Hailstorm                Conj/Ice       32%        3d8       2%          3
 Ignite Poison            Fire/Alch      44%        N/A       2%          4
 Petrify                  Alch/Erth      40%        N/A       3%          4
 Eringya's Noxious Bog    Alch           30%        4d6       3%          6
 Inner Flame              Hex/Fire       29%        N/A       4%          3
 Ozocubu's Armour         Ice            27%        N/A       4%          3
 Stone Arrow              Conj/Erth      54%        3d10      4%          3
 Sandblast                Erth           32%        2d9       6%          1
 Summon Small Mammal      Summ           64%        N/A       6%          1
 Sublimation of Blood     Necr           16%        N/A       9%          2
 Summon Ice Beast         Ice/Summ       21%        N/A       10%         3
 Flame Wave               Conj/Fire      31%        2d9       12%         4
 Call Canine Familiar     Summ           16%        N/A       19%         3
 Fugue of the Fallen      Necr           16%        N/A       19%         3
 Passwall                 Erth           16%        N/A       19%         3
 Swiftness                Air            16%        N/A       19%         3
 Brom's Barrelling Bould  Conj/Erth      27%        2d5       19%         4
 Summon Forest            Summ/Tloc      16%        N/A       24%         5
 Sculpt Simulacrum        Ice/Alch       23%        N/A       34%         6
 Summon Blazeheart Golem  Fire/Summ      19%        N/A       38%         4
 Freezing Cloud           Conj/Ice/Air   13%        6-21      47%         5
 Airstrike                Air            8%         2d(2-18)  54%         4
 Dispel Undead            Necr           16%        3d10      54%         4
 Martyr's Knell           Necr/Summ      16%        N/A       54%         4
 Summon Lightning Spire   Summ/Air       16%        N/A       54%         4
 Conjure Ball Lightning   Conj/Air       13%        3x3d6     96%         6
 Death Channel            Necr           8%         N/A       100%        6
 Monstrous Menagerie      Summ           8%         N/A       100%        7
 Ozocubu's Refrigeration  Ice            13%        4d10      100%        7
 Summon Hydra             Summ           8%         N/A       100%        7
 Discord                  Hex            17%        N/A       100%        8
 Fire Storm               Conj/Fire      15%        8d4       100%        9


Dungeon Overview and Level Annotations

Branches:
Dungeon (15/15)            Temple (1/1) D:4            Lair (5/5) D:8
  Swamp (4/4) Lair:3        Snake (4/4) Lair:2        Slime (0/5) Lair:4
    Orc (2/2) D:12            Elf (0/3) Orc:2        Vaults (4/5) D:13
  Crypt (0/3) Vaults:2     Depths (4/4) D:15        Gauntlet (visited)
    Zot: Depths:4

Altars:
Ashenzari
Cheibriados
Dithmenos
Elyvilon
Fedhas
Gozag
Hepliaklqana
Kikubaaqudgha
Makhleb
Nemelex Xobeh
Okawaru
Qazlal
Ru
Sif Muna
Trog
Uskayaw
Vehumet
Wu Jian
Xom
Yredelemnul
Zin
The Shining One
Jiyva

Shops:
D:5 *   D:7 *   D:9 (?:   D:11 ?   Orc:2 *[([   Snake:1 *   Snake:2 :
Snake:4 (   Vaults:1 ?

Portals:
Hell: Depths:1 Depths:2 Depths:3 Depths:4
Abyss: Lair:2 Depths:1 Depths:3
Pandemonium: Depths:2 Depths:3 Depths:4
Ziggurat: Depths:4

Annotations:
D:8 2 transporters, Esekla's ghost, novice OpDe
D:13 exclusion: orange crystal statue
D:14 2 transporters
Lair:1 1 runed translucent door, rozman's ghost, novice OnSh
Snake:2 2 transporters, Akuuror's ghost, adept GrFi
Snake:4 Roxanne
Depths:1 4 transporters
Depths:4 Boris


Innate Abilities, Weirdness & Mutations

You are too large for most types of armour.
You have a pair of small horns on your head.
You have tough skin. (AC +1)
You gain doubled healing and magic from potions.
Whenever you drink a healing potion, you attack all around you.
You are agile. (Dex +4, Str/Int -1)
You possess an exceptional clarity of mind.
Your spells are a little easier to cast, but a little less powerful.


Message History

Press: ? - help, Q - select action, (/) - cycle Shift-Dir - straight line, f/p - Boris
Aim: Boris, wearing a +2 robe of positive energy (excruciating misery, 75% to hit)
You throw a large rock. The large rock hits Boris!!!
Boris is moderately damaged.
Boris says, "I know your future.
Your future is death."
Boris rolls out his victims' suffering.
The howling sorrow hits you. You partially resist.
Okay, then.
Okay, then.
As you read the scroll of teleportation, it crumbles to dust.
You feel strangely unstable.
You are engulfed in excruciating misery.
* * * LOW HITPOINT WARNING * * *
The purple draconian breathes dispelling energy at you.
The bolt of dispelling energy hits you!!
You feel strangely stable.
* * * LOW HITPOINT WARNING * * *
You are engulfed in excruciating misery.
* * * LOW HITPOINT WARNING * * *
The purple draconian is engulfed in excruciating misery.
The purple draconian breathes dispelling energy at you.
The bolt of dispelling energy hits you!!
* * * LOW HITPOINT WARNING * * *
The purple draconian is engulfed in excruciating misery.
The purple draconian dies!
Boris points at you and mumbles some strange words.
The bolt of cold hits you!!!
* * * LOW HITPOINT WARNING * * *
Boris conjures an orb of pure magic.
An orb of destruction comes into view.
The orb of destruction moves out of view.
You savour every drop.
You feel better.
Okay, then.
As you read the scroll of teleportation, it crumbles to dust.
You feel strangely unstable.
Boris points at you and mumbles some strange words.
The bolt of cold hits you!!!
You die...
Boris says, "I'd like to see you come back from this one."
Your body glows with a rainbow of weird colours and disappears.

....#... #'### #(.# ##.
....#######...#..# #°.# #..
.....<....#...#..# #..# #..
..........#...#..# #..# #..
..........#...#..# #..# #..
####......#...#..# #.○# #..
...'......#...#..# #..# #..
...#......#...#..# #..# #..
...#......#...#.@## ##L.#####
...+......'...#...## ##.*.#.##.
...#......#...#....## ##....#.#..
###.[.....#...##....###....##.#..
....[.....#...##...........#..#..
....#.##'##...###....L....##..#..
....#....#....####.......##...'..
....#....#.......###...###....#..
....#....#.#####...#'''####..###'


You could see Boris.

Vanquished Creatures
  A juggernaut (Depths:4)
  Xtahua (Vaults:2)
  Boris (Vaults:3)
  2 golden dragons
  the Enchantress (Depths:3)
  Norris (Depths:2)
  A Tzitzimitl (Depths:3)
  A tentacled monstrosity (Depths:4)
  A walking earthen tome (Depths:2)
  Zenata (Vaults:3)
  3 liches
  A quicksilver dragon (Snake:4)
  An Executioner (Depths:3)
  3 sphinxes
  2 thorn hunters (Swamp:4)
  3 tengu reavers
  A shadow dragon (Depths:4)
  5 nagarajas
  A fire giant (Depths:3)
  Donald (Snake:1)
  A fenstrider witch (Swamp:2)
  2 balrugs
  A draconian scorcher (Depths:4)
  5 vault wardens
  2 caustic shrike zombies
  3 orc warlords (Vaults:2)
  11 frost giants
  A spectral caustic shrike (Depths:3)
  3 reapers (Depths:3)
  10 ironbound preservers
  3 spriggan defenders (Depths:3)
  2 formless jellyfish
  9 very ugly things
  15 stone giants
  5 ironbound thunderhulks
  5 deep elf death magi (Depths:3)
  An ophan (Vaults:3)
  A black draconian (Depths:4)
  2 vampire knights (Depths:2)
  A red draconian (Depths:4)
  A purple draconian (Depths:4)
  3 war gargoyles
  5 eleionomae
  The ghost of hawla the Destroyer, a journeyman DrCj of Vehumet (Lair:2)
  10 dire elephants
  4 spark wasps (Depths:2)
  3 bunyips
  A minotaur (Gauntlet)
  A blizzard demon (Depths:4)
  8 ettins
  5 crystal guardians
  9 fire dragons
  Josephine (Lair:5)
  A spectral golden dragon (Depths:3)
  An entropy weaver (Vaults:2)
  10 yaktaur captains
  3 vault guards (Vaults:4)
  3 great orbs of eyes
  2 salamander tyrants
  28 hydras
  Erolcha (D:9)
  6 ice dragons
  2 peacekeepers
  8 ironbound frosthearts
  A spectral sphinx (Depths:3)
  A hell beast (Depths:3)
  11 spriggan air magi
  3 rakshasas
  A spriggan skeleton (Depths:3)
  14 anacondas
  6 centaur warriors
  A juggernaut simulacrum (Depths:3)
  3 two-headed ogres
  8 alligators
  2 spectral fire giants (Depths:3)
  5 boulder beetles
  A ghost crab (Swamp:4)
  16 death yaks
  16 deep troll shamans
  17 naga warriors
  5 vampire magi (Depths:3)
  An occultist (Depths:1)
  9 deep troll earth magi
  8 spriggan berserkers
  14 shock serpents
  5 tengu warriors (D:15)
  Urug (D:13)
  10 naga sharpshooters
  5 orc high priests (Orc:2)
  A spectral storm dragon (Depths:3)
  A thrashing horror (Lair:2)
  Sonja (Orc:2)
  2 storm dragon zombies
  A hell knight (Vaults:3)
  A sun demon (Depths:1)
  A soul eater (Depths:3)
  2 sixfirhies (Depths:4)
  2 goliath frogs (Swamp:4)
  39 deep trolls
  10 iron trolls
  2 quicksilver dragon simulacra (Depths:3)
  4 skysharks
  4 salamander mystics
  3 flayed ghosts (Depths:3)
  2 golden dragon zombies (Depths:3)
  4 glowing orange brains
  4 bog bodies (Swamp:4)
  A spectral iron dragon (Depths:3)
  7 naga ritualists
  14 ironbound convokers
  6 swamp dragons
  8 arcanists
  7 mana vipers
  8 lindwurms
  4 necromancers
  13 orc knights
  A golden dragon skeleton (Depths:3)
  Pikel (D:7)
  8 harpies
  3 orc sorcerers (Vaults:2)
  20 ugly things
  4 deep elf pyromancers
  A phantasmal warrior (Vaults:1)
  6 will-o-the-wisps
  19 salamanders
  A sphinx simulacrum (Depths:2)
  A faun (shapeshifter) (Depths:4)
  A worldbinder (Lair:2)
  A moth of wrath (Gauntlet)
  6 cyclopes
  A tengu skeleton (Vaults:2)
  10 manticores
  2 iron dragon skeletons (Depths:3)
  3 molten gargoyles (Lair:5)
  58 black mambas
  6 kobold blastminers
  A titan simulacrum (Depths:3)
  A gargoyle (D:13)
  14 naga magi
  5 cane toads
  A smoke demon (Depths:1)
  16 vault sentinels
  20 elephants
  3 unseen horrors
  8 guardian serpents
  3 kobold demonologists (D:12)
  3 rime drakes
  A spectral glowing shapeshifter (Depths:3)
  16 komodo dragons
  20 yaktaurs
  3 tormentors (Depths:3)
  A spark wasp simulacrum (Depths:3)
  A yaktaur skeleton (Vaults:2)
  A bloated husk (Swamp:4)
  7 tyrant leeches
  13 hornets
  2 polar bears
  4 trolls
  A tengu simulacrum (Depths:3)
  13 blink frogs
  A wolf spider simulacrum (D:15)
  A hellwing (Lair:2)
  A raiju (Lair:2)
  A dream sheep (shapeshifter) (Depths:2)
  3 glass eyes
  2 fire giant simulacra (Depths:3)
  24 slime creatures
  An ettin zombie (Vaults:2)
  2 water elementals
  A shadow (D:11)
  A jumping spider (Vaults:2)
  15 wyverns
  Grum (D:11)
  9 wraiths
  6 humans (D:8)
  13 spriggans
  36 yaks
  6 basilisks
  2 steam dragons (Lair:5)
  A warg (D:12)
  14 vampire mosquitoes
  The ghost of tab the Changeling, an amateur DgSh (D:4)
  A redback (Vaults:2)
  Menkaure (D:6)
  44 nagas
  13 swamp worms
  An acid dragon (D:10)
  23 water moccasins
  5 hell hounds
  2 glowing shapeshifter skeletons (Depths:3)
  A meliai simulacrum (D:14)
  7 swamp drakes
  A black bear (Lair:1)
  3 sky beasts (D:7)
  26 orc warriors
  17 wolves
  4 centaurs
  3 ogres (Orc:1)
  7 boggarts (Vaults:1)
  5 laughing skulls
  4 lemures (D:7)
  2 kobold brigands
  A weeping skull (D:8)
  8 bullfrogs
  A human skeleton (Vaults:2)
  A gnoll sergeant (D:8)
  An earth elemental (Swamp:4)
  A scorpion (D:6)
  11 wights
  9 killer bees (D:10)
  12 electric eels
  A howler monkey (D:4)
  2 bombardier beetles
  5 lava snakes (Lair:5)
  3 jellies
  33 orc priests
  5 hounds
  A sleepcap (D:4)
  22 orc wizards
  Terence (D:3)
  A hell rat (Depths:1)
  5 iguanas
  19 gnolls
  8 adders
  2 shadow imps
  A white imp (D:4)
  2 dart slugs
  4 ribbon worms
  78 orcs
  8 ball pythons
  3 endoplasms
  4 giant cockroaches
  7 hobgoblins
  7 jackals
  16 kobolds
  3 quokkas
  7 bats
  5 frilled lizards
  A goblin (D:1)
  8 rats
  A spectral orc (D:8)
1479 creatures vanquished.

Vanquished Creatures (collateral kills)
  Boris (Vaults:4)
  Margery (Vaults:3)
  Jory (Vaults:3)
  A hellephant (Vaults:3)
  A deep elf death mage (Vaults:3)
  A shambling mangrove (Swamp:4)
  A fire dragon (Depths:1)
  A great orb of eyes (Vaults:4)
  A hell knight (Vaults:3)
  A necromancer (Vaults:3)
10 creatures vanquished.

Vanquished Creatures (others)
  A purple draconian (Depths:4)
  A yaktaur (Vaults:3)
  2 bloated husks (Swamp:4)
  An orc wizard (Orc:1)
  34 foxfires
39 creatures vanquished.

Grand Total: 1528 creatures vanquished

Notes
Turn   | Place    | Note
-------+----------+-------------------------------------------
     0 | D:1      | Strat the Oni Alchemist began the quest for the Orb.
     0 | D:1      | Reached XP level 1. HP: 16/16 MP: 3/3
   183 | D:1      | Found a faded altar of an unknown god.
   196 | D:1      | Reached XP level 2. HP: 24/24 MP: 3/5
   199 | D:1      | Learned a level 2 spell: Mercury Vapours
  1248 | D:2      | Reached XP level 3. HP: 30/31 MP: 2/7
  1455 | D:2      | Reached XP level 4. HP: 21/39 MP: 2/8
  1527 | D:2      | Learned a level 4 spell: Olgreb's Toxic Radiance
  1921 | D:2      | Reached skill level 1 in Fighting
  2038 | D:2      | Reached XP level 5. HP: 48/48 MP: 7/10
  2102 | D:2      | Identified the +8 plate armour "Keekas" {^Contam Harm Dex+2
                  | Stlth+}
  2483 | D:3      | Learned a level 3 spell: Mephitic Cloud
  2581 | D:3      | Reached skill level 2 in Fighting
  2684 | D:3      | Noticed Terence
  2701 | D:3      | Killed Terence
  2702 | D:3      | Reached XP level 6. HP: 53/57 MP: 0/12
  2838 | D:3      | Reached skill level 5 in Alchemy
  3028 | D:3      | You fall into a shaft and drop 3 floors!
  3032 | D:5      | Entered Level 5 of the Dungeon
  3069 | D:5      | Found Enyd's Serpentskin Sales.
  3069 | D:5      | Noticed a water moccasin
  3242 | D:4      | Found a staircase to the Ecumenical Temple.
  3258 | Temple   | Entered the Ecumenical Temple
  3292 | D:4      | Reached skill level 3 in Fighting
  3423 | D:3      | Identified the ring "Xunt" {rN++ MP+9}
  3499 | D:3      | Found a shimmering blue altar of Sif Muna.
  3513 | D:3      | Found a burning altar of Makhleb.
  3555 | D:3      | Found a radiant altar of Vehumet.
  3574 | D:3      | Found a sparkling altar of Nemelex Xobeh.
  3620 | D:3      | Became a worshipper of Nemelex Xobeh the Trickster
  3641 | D:3      | Reached skill level 5 in Spellcasting
  3641 | D:3      | Reached XP level 7. HP: 67/67 MP: 14/14
  3686 | D:3      | Learned a level 4 spell: Sticky Flame
  3701 | D:3      | Found a hazy altar of Hepliaklqana.
  4202 | D:4      | Found a runed translucent gate.
  4202 | D:4      | Found a runed translucent gate.
  4204 | D:4      | Found a runed translucent gate.
  4205 | D:4      | Noticed tab's ghost (amateur DgSh)
  4254 | D:4      | Found an ancient bone altar of Kikubaaqudgha.
  4429 | D:4      | Found a hide-covered altar of Uskayaw.
  4482 | D:4      | Reached * piety under Nemelex Xobeh
  4519 | D:4      | Received a gift from Nemelex Xobeh
  4844 | D:4      | Reached skill level 4 in Fighting
  5765 | D:5      | Reached skill level 5 in Fighting
  5765 | D:5      | Reached XP level 8. HP: 74/80 MP: 15/15
  6180 | D:6      | Noticed Menkaure
  6198 | D:6      | Killed Menkaure
  6199 | D:6      | Reached skill level 6 in Fighting
  6359 | D:6      | Reached ** piety under Nemelex Xobeh
  6359 | D:6      | Received a gift from Nemelex Xobeh
  6463 | D:6      | Found a glowing silver altar of Zin.
  7021 | D:7      | Reached skill level 7 in Fighting
  7264 | D:7      | Reached XP level 9. HP: 85/93 MP: 18/18
  7643 | D:7      | Noticed Pikel
  7651 | D:7      | Killed Pikel
  7652 | D:7      | Reached skill level 8 in Fighting
  7715 | D:7      | Found an opulent altar of Gozag.
  7716 | D:7      | Found Gozag's Platinum Reserve.
  7820 | D:7      | Reached skill level 9 in Fighting
  8051 | D:7      | Found an iron altar of Okawaru.
  8206 | D:7      | Reached skill level 10 in Fighting
  8441 | D:7      | Found a snail-covered altar of Cheibriados.
  8445 | D:7      | Found a broken altar of Ashenzari.
  8639 | D:8      | Reached *** piety under Nemelex Xobeh
  8788 | D:8      | Reached skill level 11 in Fighting
  8945 | D:8      | Reached skill level 12 in Fighting
  8945 | D:8      | Reached XP level 10. HP: 86/115 MP: 20/20
  9068 | D:8      | Found a bloodstained altar of Trog.
  9299 | D:8      | Reached skill level 13 in Fighting
  9744 | D:8      | Reached skill level 14 in Fighting
  9979 | D:8      | Found a transporter.
  9980 | D:8      | Identified the +7 giant club "Fiefub" {flame, rF+ Str+4}
  9980 | D:8      | Noticed Esekla's ghost (novice OpDe)
  9981 | D:8      | Found a transporter.
 10569 | D:8      | Found a staircase to the Lair.
 10717 | D:8      | Found a basalt altar of Yredelemnul.
 10738 | D:8      | Reached skill level 15 in Fighting
 11032 | D:9      | Received a gift from Nemelex Xobeh
 11059 | D:9      | Found Pikhluur's Weapon Shoppe.
 11318 | D:9      | Noticed a walking earthen tome
 11320 | D:9      | Found Bedoh's Book Boutique.
 11323 | D:9      | Noticed a walking divine tome
 11337 | D:9      | Noticed Erolcha
 11358 | D:9      | Killed Erolcha
 11359 | D:9      | Reached XP level 11. HP: 125/133 MP: 9/22
 11504 | D:9      | Reached **** piety under Nemelex Xobeh
 11553 | D:9      | Found Hien's Magic Scroll Shop.
 11562 | D:9      | Bought a scroll of teleportation for 42 gold pieces
 11562 | D:9      | Bought a scroll of teleportation for 42 gold pieces
 11768 | D:9      | Noticed a two-headed ogre
 11795 | D:9      | Killed a two-headed ogre
 11796 | D:9      | Reached skill level 1 in Fire Magic
 12073 | D:10     | Entered Level 10 of the Dungeon
 12087 | D:10     | Noticed a cyclops
 12102 | D:10     | Killed a cyclops
 12458 | D:10     | Identified a scroll of acquirement
 12458 | D:10     | Acquired a +2 broad axe of flaming
 13299 | D:11     | Noticed Urug
 13331 | D:11     | Noticed a two-headed ogre
 13338 | D:11     | Killed a two-headed ogre
 13487 | D:11     | Reached skill level 16 in Fighting
 13559 | D:11     | Noticed Grum
 13578 | D:11     | Received a gift from Nemelex Xobeh
 13578 | D:11     | Noticed a boulder beetle
 13785 | D:11     | Found Eboffaam's Magic Scroll Shoppe.
 13794 | D:11     | Bought a scroll of teleportation for 30 gold pieces
 13794 | D:11     | Bought a scroll of blinking for 75 gold pieces
 13975 | D:11     | Killed Grum
 13976 | D:11     | Reached skill level 10 in Spellcasting
 13976 | D:11     | Reached skill level 10 in Alchemy
 14179 | D:11     | Killed a boulder beetle
 14180 | D:11     | Reached XP level 12. HP: 102/146 MP: 18/26
 14335 | D:12     | Noticed a two-headed ogre
 14347 | D:12     | Killed a two-headed ogre
 14554 | D:12     | Reached ***** piety under Nemelex Xobeh
 14720 | D:12     | Identified the +6 sling of Qappur {drain, Stlth+}
 14823 | D:12     | Reached skill level 5 in Axes
 14843 | D:12     | Noticed a boulder beetle
 14856 | D:12     | Killed a boulder beetle
 15080 | D:12     | Found a staircase to the Orcish Mines.
 15139 | D:12     | Identified the +1 scale mail of Ryenky {SInv}
 15214 | D:13     | Killed Urug
 15380 | D:13     | Reached skill level 1 in Maces & Flails
 15640 | D:13     | Found a gate leading to a gauntlet.
 15656 | D:13     | Received a gift from Nemelex Xobeh
 15660 | Gauntlet | Entered a Gauntlet
 15660 | Gauntlet | Found a transporter.
 15660 | Gauntlet | Found a runed translucent door.
 15660 | Gauntlet | Found a transporter.
 15665 | Gauntlet | Found a runed translucent gate.
 15666 | Gauntlet | Found a transporter.
 15666 | Gauntlet | Found a runed translucent gate.
 15671 | Gauntlet | Found a runed translucent gate.
 15678 | Gauntlet | Found a transporter.
 15695 | Gauntlet | Found a transporter.
 15695 | Gauntlet | Found a transporter.
 15695 | Gauntlet | Found a transporter.
 15698 | Gauntlet | Found a transporter.
 15698 | Gauntlet | Found a transporter.
 15824 | Gauntlet | Identified the amulet of Lyef {Spirit rN+ rCorr}
 15850 | Gauntlet | Found a transporter.
 15851 | Gauntlet | Found a runed translucent door.
 15895 | Gauntlet | Found a transporter.
 15905 | Gauntlet | Noticed a great orb of eyes
 15979 | Gauntlet | Found a transporter.
 16053 | Gauntlet | Noticed a minotaur
 16136 | Gauntlet | Found a transporter.
 16170 | Gauntlet | Killed a minotaur
 16171 | Gauntlet | Reached skill level 1 in Invocations
 16436 | D:13     | Received a gift from Nemelex Xobeh
 16575 | D:13     | Noticed a four-headed hydra
 16589 | D:13     | Killed a four-headed hydra
 16659 | D:13     | Learned a level 2 spell: Blink
 16664 | D:13     | Learned a level 4 spell: Manifold Assault
 16776 | D:9      | Bought a scroll of brand weapon for 133 gold pieces
 16940 | D:13     | Found a gate to the Vaults.
 16942 | D:13     | Noticed a sphinx
 17057 | Lair:1   | Entered Level 1 of the Lair of Beasts
 17081 | Lair:1   | Found a runed translucent door.
 17082 | Lair:1   | Noticed rozman's ghost (novice OnSh)
 17211 | Lair:1   | Received a gift from Nemelex Xobeh
 17218 | Lair:1   | Reached skill level 17 in Fighting
 17261 | Lair:1   | Reached XP level 13. HP: 148/156 MP: 27/27
 17397 | Lair:1   | Reached skill level 5 in Maces & Flails
 17768 | Lair:1   | Received a gift from Nemelex Xobeh
 18541 | Lair:2   | Found a transporter.
 18546 | Lair:2   | Found a one-way gate to the infinite horrors of the Abyss.
 18546 | Lair:2   | Noticed hawla's ghost (journeyman DrCj)
 18790 | Lair:2   | Received a gift from Nemelex Xobeh
 18887 | Lair:2   | Found a staircase to the Snake Pit.
 18899 | Lair:2   | Reached skill level 5 in Invocations
 19077 | Lair:2   | Reached ****** piety under Nemelex Xobeh
 19081 | Lair:2   | Noticed a dire elephant
 19132 | Lair:2   | Killed a dire elephant
 19409 | Lair:2   | Found a transporter.
 19575 | Lair:2   | Upgraded the game from 0.31-b1-17-gcfd88c8481 to
                  | 0.31-b1-18-g61460d1e46
 20139 | Lair:3   | Found a staircase to the Swamp.
 20139 | Lair:3   | Noticed an eleionoma
 20153 | Lair:3   | Killed an eleionoma
 20316 | Lair:3   | Received a gift from Nemelex Xobeh
 20851 | Lair:3   | Received a gift from Nemelex Xobeh
 21290 | Lair:3   | Acquired the ring of the Invisible Hand {rF+ Str+5 Int+3}
 21334 | Lair:4   | Reached XP level 14. HP: 149/166 MP: 16/30
 21642 | Lair:4   | Received a gift from Nemelex Xobeh
 21711 | Lair:4   | Found a staircase to the Slime Pits.
 21720 | Lair:4   | Found a viscous altar of Jiyva.
 21746 | Lair:4   | Reached skill level 10 in Invocations
 22230 | Lair:4   | Received a gift from Nemelex Xobeh
 22793 | Lair:5   | Entered Level 5 of the Lair of Beasts
 22793 | Lair:5   | Received a gift from Nemelex Xobeh
 22805 | Lair:5   | Reached skill level 10 in Maces & Flails
 23624 | Lair:5   | Received a gift from Nemelex Xobeh
 24226 | Lair:5   | Noticed Josephine
 24237 | Lair:5   | Killed Josephine
 24744 | Lair:5   | Found a large runed translucent door.
 24745 | Lair:5   | Found a large runed translucent door.
 24884 | Lair:5   | Reached XP level 15. HP: 160/174 MP: 17/31
 25545 | Lair:5   | Identified the ring "Baqocw" {Will+ Str+6}
 25834 | Orc:1    | Entered Level 1 of the Orcish Mines
 25834 | Orc:1    | Received a gift from Nemelex Xobeh
 26101 | Orc:2    | Entered Level 2 of the Orcish Mines
 26231 | Orc:2    | Received a gift from Nemelex Xobeh
 26779 | Orc:2    | Found a bloodstained altar of Trog.
 27245 | Orc:2    | Found a staircase to the Elven Halls.
 27273 | Orc:2    | Reached skill level 15 in Maces & Flails
 27390 | Orc:2    | Noticed Sonja
 27407 | Orc:2    | Killed Sonja
 27475 | Orc:2    | Received a gift from Nemelex Xobeh
 27843 | Orc:2    | Reached skill level 1 in Armour
 28021 | Orc:2    | Found Okladugy's Antique Armour Boutique.
 28021 | Orc:2    | Found Zoesmotu's Weapon Boutique.
 28022 | Orc:2    | Found Bous Kao's Armour Shop.
 28022 | Orc:2    | Found Ixiunom's Assorted Antiques.
 28032 | Orc:2    | Bought a potion of curing for 93 gold pieces
 28034 | Orc:2    | Bought a scroll of blinking for 232 gold pieces
 28284 | D:13     | Killed a sphinx
 28492 | D:14     | Reached skill level 1 in Throwing
 28824 | D:14     | Identified the amulet of Wajuzaminu {Faith rElec}
 28831 | D:14     | Found a transporter.
 28833 | D:14     | Found a transporter.
 29313 | D:14     | Received a gift from Nemelex Xobeh
 29584 | D:14     | Found a shimmering blue altar of Sif Muna.
 29740 | D:15     | Entered Level 15 of the Dungeon
 29781 | D:15     | Learned a level 2 spell: Lesser Beckoning
 29785 | D:15     | Learned a level 3 spell: Teleport Other
 29790 | D:15     | Learned a level 4 spell: Dimensional Bullseye
 29840 | D:15     | Received a gift from Nemelex Xobeh
 30438 | D:15     | Reached skill level 5 in Armour
 30786 | D:15     | Reached XP level 16. HP: 162/183 MP: 25/32
 30905 | D:15     | Found a staircase to the Depths.
 30914 | D:15     | Reached skill level 5 in Throwing
 31265 | D:15     | Received a gift from Nemelex Xobeh
 31515 | Snake:1  | Entered Level 1 of the Snake Pit
 31642 | Snake:1  | Noticed Donald
 31661 | Snake:1  | Killed Donald
 32013 | Snake:1  | Received a gift from Nemelex Xobeh
 32093 | Snake:1  | Learned a level 3 spell: Frozen Ramparts
 32319 | Snake:1  | Identified the +0 robe of Ilufut {Harm +Blink rC- rCorr}
 32363 | Snake:1  | Reached skill level 1 in Ice Magic
 32816 | Snake:1  | Reached skill level 1 in Translocations
 33322 | Snake:1  | Found Wecrubb's Gadget Gallery.
 33573 | Snake:1  | Identified the ring of Zauk {rN+ Int+3 Dex+3 SInv}
 33745 | Snake:2  | Found Paepno's Book Emporium.
 33790 | Snake:2  | Found a transporter.
 33792 | Snake:2  | Noticed Akuuror's ghost (adept GrFi)
 33876 | Snake:2  | Found a transporter.
 33903 | Snake:2  | Found a bloodstained altar of Trog.
 35478 | Snake:2  | Received a gift from Nemelex Xobeh
 36682 | Snake:2  | Received a gift from Nemelex Xobeh
 36973 | Snake:3  | Received a gift from Nemelex Xobeh
 37241 | Snake:3  | Reached XP level 17. HP: 185/192 MP: 30/35
 37616 | Snake:3  | Received a gift from Nemelex Xobeh
 38542 | Snake:3  | Learned a level 5 spell: Irradiate
 38636 | Snake:3  | Reached skill level 1 in Conjurations
 39792 | Snake:3  | Reached skill level 15 in Spellcasting
 40110 | Snake:3  | Received a gift from Nemelex Xobeh
 40134 | Snake:4  | Entered Level 4 of the Snake Pit
 40939 | Snake:4  | Received a gift from Nemelex Xobeh
 41109 | Snake:4  | Found Hyfejimn's Antique Weapon Boutique.
 41577 | Snake:4  | Noticed Roxanne
 42082 | Snake:4  | Reached skill level 1 in Shields
 42433 | Snake:4  | Reached skill level 5 in Conjurations
 42433 | Snake:4  | Reached XP level 18. HP: 133/201 MP: 19/38
 42516 | Snake:4  | Got a serpentine rune of Zot
 42827 | Snake:4  | Noticed a quicksilver dragon
 42833 | Snake:4  | Killed a quicksilver dragon
 43184 | Swamp:1  | Entered Level 1 of the Swamp
 43333 | Swamp:1  | Received a gift from Nemelex Xobeh
 44085 | Swamp:2  | Received a gift from Nemelex Xobeh
 44962 | Swamp:3  | Received a gift from Nemelex Xobeh
 45181 | Swamp:3  | Identified the +4 arbalest of Grim Reinforcement {drain,
                  | rElec MP+9}
 45626 | Swamp:3  | Received a gift from Nemelex Xobeh
 45873 | Swamp:4  | Entered Level 4 of the Swamp
 46589 | Swamp:4  | Received a gift from Nemelex Xobeh
 46590 | Swamp:4  | Acquired 544 gold pieces
 47093 | Swamp:4  | Reached skill level 5 in Shields
 47527 | Swamp:4  | Reached skill level 5 in Translocations
 47700 | Swamp:4  | Reached skill level 1 in Hexes
 48103 | Swamp:4  | Got a decaying rune of Zot
 48746 | Swamp:4  | Received a gift from Nemelex Xobeh
 49193 | Vaults:1 | Entered Level 1 of the Vaults
 49782 | Vaults:1 | Reached XP level 19. HP: 209/209 MP: 40/40
 49831 | Vaults:1 | Found Koqoj's Magic Scroll Emporium.
 50236 | Vaults:1 | Received a gift from Nemelex Xobeh
 51009 | Vaults:1 | Received a gift from Nemelex Xobeh
 52071 | Vaults:1 | Found the +8 frozen axe "Frostbite" {freeze, freezing
                  | cloud, *Noise Fly rC+}
 52182 | Vaults:1 | Paralysed by a formless jellyfish for 1 turns
 52494 | Vaults:2 | Found a basalt altar of Yredelemnul.
 52501 | Vaults:2 | Found a staircase to the Crypt.
 52545 | Vaults:2 | Received a gift from Nemelex Xobeh
 52626 | Vaults:2 | Found an ancient bone altar of Kikubaaqudgha.
 52659 | Vaults:2 | Identified the +3 dagger of Dried Tears {protect, Str+6}
 52871 | Vaults:2 | Paralysed by a formless jellyfish for 1 turns
 53297 | Vaults:2 | Reached skill level 18 in Fighting
 54200 | Vaults:2 | Learned a level 4 spell: Iskenderun's Mystic Blast
 54590 | Vaults:2 | Noticed Xtahua
 54608 | Vaults:2 | Killed Xtahua
 55010 | Vaults:2 | Received a gift from Nemelex Xobeh
 55267 | Vaults:3 | Noticed Zenata
 55275 | Vaults:3 | Killed Zenata
 55581 | Vaults:3 | Reached XP level 20. HP: 133/223 MP: 13/41
 55814 | Vaults:3 | Noticed Margery
 55825 | Vaults:3 | Noticed a hellephant
 55844 | Vaults:3 | Killed a hellephant
 55858 | Vaults:3 | Killed Margery
 55859 | Vaults:3 | Reached skill level 10 in Armour
 56221 | Vaults:3 | Reached skill level 19 in Fighting
 56335 | Vaults:3 | Received a gift from Nemelex Xobeh
 56349 | Vaults:3 | Noticed Jory
 56349 | Vaults:3 | Noticed Boris
 56362 | Vaults:3 | Killed Jory
 56469 | Vaults:3 | Killed Boris
 56626 | Vaults:3 | You fall into a shaft and drop 1 floor!
 56832 | Vaults:4 | Received a gift from Nemelex Xobeh
 57273 | Vaults:4 | Noticed Boris
 57282 | Vaults:4 | Identified the -1 trident "Mask" {flame, Str-5 Int+5}
 57290 | Vaults:4 | Killed Boris
 57622 | Vaults:4 | Reached skill level 10 in Shields
 58104 | Vaults:3 | Identified the +1 tower shield of the Stars {Str+2}
 58104 | Vaults:3 | Noticed Mennas
 58108 | Vaults:3 | Mennas changed into Mennas the ophan
 58108 | Vaults:3 | Noticed Mennas
 58114 | Vaults:3 | Killed Mennas the ophan
 58241 | Vaults:3 | Received a gift from Nemelex Xobeh
 58958 | Vaults:3 | Reached skill level 15 in Invocations
 59909 | Vaults:4 | Received a gift from Nemelex Xobeh
 60625 | Depths:1 | Entered Level 1 of the Depths
 60790 | Depths:1 | Found a transporter.
 60852 | Depths:1 | Found a transporter.
 61040 | Depths:1 | Reached XP level 21. HP: 194/235 MP: 30/42
 61680 | D:4      | Killed tab's ghost
 61708 | D:4      | Learned a level 4 spell: Passage of Golubria
 61714 | D:4      | Learned a level 5 spell: Yara's Violent Unravelling
 61880 | Lair:2   | Killed hawla's ghost
 61956 | Lair:2   | Identified the +2 robe of Day {Will+ Str-3 Archmagi}
 63104 | Depths:1 | Found a gateway to Hell.
 63157 | Depths:1 | Found a transporter.
 63204 | Depths:1 | Received a gift from Nemelex Xobeh
 63664 | Depths:1 | Found a transporter.
 63792 | Depths:1 | Reached skill level 20 in Fighting
 64534 | Depths:2 | Found a glowing silver altar of Zin.
 64594 | Depths:2 | Reached skill level 5 in Hexes
 64735 | Depths:2 | Found a hazy altar of Hepliaklqana.
 64945 | Depths:2 | Noticed Norris
 64953 | Depths:2 | Killed Norris
 65051 | Depths:2 | Received a gift from Nemelex Xobeh
 65082 | Depths:2 | Found a burning altar of Makhleb.
 65094 | Depths:2 | Found a broken altar of Ashenzari.
 65094 | Depths:2 | Found an iron altar of Okawaru.
 65094 | Depths:2 | Found a glowing golden altar of the Shining One.
 65145 | Depths:2 | Noticed a golden dragon
 65162 | Depths:2 | Killed a golden dragon
 65168 | Depths:2 | Gained mutation: You are dopey. (Int -2) [mutagenic glow]
 65799 | Depths:2 | Reached skill level 10 in Throwing
 67128 | Depths:2 | Reached skill level 21 in Fighting
 67729 | Depths:2 | Found a one-way gate leading to the halls of Pandemonium.
 67805 | Depths:2 | Received a gift from Nemelex Xobeh
 67893 | Depths:2 | Reached XP level 22. HP: 86/245 MP: 12/43
 68830 | Depths:3 | Noticed the Enchantress
 69912 | Depths:3 | Killed the Enchantress
 70340 | Depths:3 | Noticed a golden dragon
 70361 | Depths:3 | Killed a golden dragon
 71185 | Depths:3 | Received a gift from Nemelex Xobeh
 71191 | Depths:3 | Found an ancient bone altar of Kikubaaqudgha.
 71422 | Depths:3 | Identified the ring "Ismon" {Int+3 Slay+4}
 71488 | Depths:3 | Identified the ring "Hemounud" {rElec rPois rN+ Int-3
                  | Stlth+}
 72125 | Depths:3 | Identified the staff of Sappun {rF+ Dex+5 Fire}
 72728 | Depths:3 | Got The Wizard's Wisdom, Part Six
 72729 | Depths:3 | Identified the +0 pair of boots of the Guardian {Will+}
 73677 | Depths:3 | Identified the +5 glaive "Fejuzu" {antimagic, Dex+4 SInv}
 73679 | Depths:3 | Identified the staff of Xecousog {^Drain rPois rC+ Int+3
                  | Tloc Ice}
 73687 | Depths:3 | Got the Handbook of Incandescent Production
 73816 | Depths:4 | Entered Level 4 of the Depths
 74366 | Depths:4 | Received a gift from Nemelex Xobeh
 74488 | Depths:4 | Upgraded the game from 0.31-b1-18-g61460d1e46 to
                  | 0.31-b1-20-g67cafac56d
 74919 | Depths:4 | Received a gift from Nemelex Xobeh
 74950 | Depths:4 | Reached skill level 15 in Throwing
 75255 | Depths:4 | Gained mutation: Your spells are a little easier to cast,
                  | but a little less powerful. [mutagenic glow]
 75520 | Depths:4 | Found a one-way gateway to a ziggurat.
 75584 | Depths:4 | Gained mutation: You are vulnerable to cold. (rC-)
                  | [mutagenic glow]
 75998 | Depths:4 | Received a gift from Nemelex Xobeh
 76001 | Depths:4 | Lost mutation: You are dopey. (Int -2) [potion of mutation]
 76001 | Depths:4 | Lost mutation: You are vulnerable to cold. (rC-) [potion of
                  | mutation]
 76001 | Depths:4 | Gained mutation: You are agile. (Dex +4, Str/Int -1)
                  | [potion of mutation]
 76001 | Depths:4 | Gained mutation: You possess an exceptional clarity of
                  | mind. [potion of mutation]
 76698 | Depths:4 | Noticed a juggernaut
 76709 | Depths:4 | Killed a juggernaut
 76776 | Depths:4 | Reached XP level 23. HP: 237/260 MP: 27/44
 77523 | Depths:4 | Noticed Boris
 77553 | Depths:4 | Killed from afar by Boris

Illustrated notes

Levels and vault maps discovered:
D:1:      tarquinn_simple_flora_water_e, layout_basic,
          dreamdust_ecumenical_altar_grove, grunt_decor_one_mirror
D:2:      layout_rooms
D:3:      minmay_chambers_of_threes, layout_rooms,
          mainiacjoe_overflow_boulevard, nicolae_overflow_quartered_altars,
          uniq_terence
D:4:      layout_layer_cave, lemuel_tele_altar,
          mainiacjoe_overflow_small_starburst, minmay_temple_entry_grid,
          gammafunk_ghost_nasty_kobolds
D:5:      layout_loops_corners, guppyfry_shop_venom
D:6:      layout_cave_pools, mainiacjoe_overflow_chevrons,
          cheibrodos_sewer_entry_bend, uniq_menkaure
D:7:      layout_loops_corners, nicolae_gozag_zags_fifth_avenue,
          mainiacjoe_overflow_brackets, gammafunk_temple_overflow_statue,
          minmay_between, uniq_pikel
D:8:      lemuel_ice_spiral_2, layout_basic,
          yredelemnul_forgotten_temple_becter, mainiacjoe_overflow_alcove_1,
          erik_lair_island, gammafunk_ghost_smash, minmay_ruffians
D:9:      layout_roguey, serial_shops, nicolae_shop_mannequins, shop,
          nicolae_shop_pleasant_corner_grove, uniq_erolcha
D:10:     layout_rooms, nicolae_sextant, chequers_arboretum,
          kennysheep_generic_room_9
D:11:     layout_roguey, serial_shops, nicolae_shop_behind_doors, uniq_urug,
          uniq_grum
D:12:     layout_big_octagon, minmay_orc_entry_guard_dogs
D:13:     minmay_statue_hallways, layout_loops_corners,
          hellmonk_vaults_attempted_burglary, gauntlet_entry_generic
D:14:     gammafunk_sealed_arena, layout_cave_pods, led_sif_pool,
          kennysheep_generic_room_16
D:15:     grunt_enter_depths_snipers, layout_gridville, nicolae_tricolors
Temple:   nicolae_temple_ecumenical_triangle
Lair:1:   layout_cave_pods, ebering_ghost_inner_flame,
          grunt_forest_small_clearing_treed, grunt_megastairs_1
Lair:2:   layout_chaotic_city, guppyfry_snake_entry_island,
          gammafunk_ghost_abyssal_escape, nicolae_lair_grazing_beasts
          [nicolae_sub_lair_graze_edge, nicolae_sub_lair_graze_edge,
          nicolae_sub_lair_graze_edge, nicolae_sub_lair_graze_edge]
Lair:3:   layout_cave_pods, alex1729_swamp_entry_worm_eleionoma,
          beast_lair_carwin_11
Lair:4:   layout_gridlike, slime_entry_1
Lair:5:   cheibrodos_lair_end_hotspot, layout_regular_city, serial_bayou_ford_a,
          serial_bayou_lake_a, uniq_josephine
Swamp:1:  layout_falls_marsh, nicolae_swamp_orc_logging_accident,
          infiniplex_staircase_pool, nicolae_swamp_decorative_isthmus
Swamp:2:  layout_basic_swamp, nicolae_swamp_ascending_descending,
          nicolae_swamp_tree_isthmus
Swamp:3:  layout_basic_swamp, nicolae_swamp_well_well_well
Swamp:4:  swamp_basic_johnstein, layout_basic_swamp, swamp_pool_3,
          nicolae_swamp_small_spring, nzn_swamp_blast_mining
Snake:1:  layout_onion, nicolae_shop_gadgets, nicolae_triple_integral,
          uniq_donald
Snake:2:  layout_chambers, gammafunk_ghost_wrathful_warriors,
          grunt_megastairs_3, minmay_shop_star
Snake:3:  layout_cave_town, nicolae_snake_scaly_snakehead, serial_bayou_shore_b
Snake:4:  hellmonk_snake_rune_quicksilver_temple, layout_misc_corridors,
          serial_shops, nicolae_shop_window_shopping, serial_bayou_shore_b,
          uniq_roxanne
Orc:1:    layout_caves, minmay_orc_keep
Orc:2:    st_orc_pillars, layout_caves, basic_altar, nicolae_orc_tapped_out,
          uniq_sonja
Vaults:1: nicolae_vaults_little_squares_6, nicolae_vaults_puzzle_piece,
          grunt_vaults_funnel, nicolae_vaults_turnstiles, st_diamondy,
          vaults_room_corners, nicolae_vaults_mini_display_case,
          vaults_dpeg_cross, grunt_vaults_hallway_short,
          nicolae_vaults_more_shelving_2, ontoclasm_vaults_decontamination,
          nicolae_vaults_trapezoid_2, nicolae_vaults_specimen_jars,
          vaults_dpeg_emergency_exit, layout_vaults_chaotic_city, serial_shops,
          nicolae_shop_tiny_glass
Vaults:2: v_misc_2, vaults_mumra_minichess_inversion,
          minmay_crypt_entry_necro_gods, v_misc_33, hangedman_vaults_corner,
          nicolae_vaults_variable_pillar_hall, nooodl_orcs_dogs,
          nicolae_vaults_trapezoid_4, ontoclasm_vaults_misaligned,
          nicolae_vaults_little_ls, vaults_room_stairs_pillars,
          nicolae_vaults_closet_pinwheel_4, ontoclasm_vaults_eye,
          vaults_dpeg_hooks, layout_vaults_big_cross, uniq_xtahua
Vaults:3: vaults_room_octagon, nicolae_vaults_little_squares_3,
          nicolae_vaults_ninety_degrees, grunt_vaults_swirl,
          nicolae_vaults_mitosis, nicolae_vaults_house_3, st_cross,
          nicolae_vaults_little_squares_4, vaults_mumra_hex, v_misc_10,
          nicolae_vaults_trapezoid_lopsided_1, nicolae_vaults_tetromino_T_1,
          vaults_dpeg_encased_lava, nicolae_vaults_tetromino_L_1,
          layout_vaults_omnibox, uniq_mennas, uniq_boris, uniq_zenata,
          uniq_jory, uniq_margery
Vaults:4: nicolae_vaults_offset_grid_hallway_1, nicolae_vaults_what_the_h,
          nicolae_vaults_alarming, nicolae_vaults_sealed_display,
          nicolae_vaults_trapezoid_lopsided_2, hangedman_vaults_unwind,
          ontoclasm_vaults_chip, nicolae_vaults_layer_cake_slice,
          hangedman_vaults_stretched_pinwheel, nicolae_vaults_trapezoid_1,
          v_misc_10, nicolae_vaults_rhombus_6, nicolae_vaults_theta,
          vaults_room_stairs_pillars, layout_vaults_ring
Depths:1: layout_cave_shapes, lightli_too_deep, special_room
          [special_room_mythical_zoo], abyss_entry_glasseish,
          nicolae_transporter_intersection
Depths:2: minmay_the_grid_octo_tiled_squarecenter
          [minmay_the_grid_octo_fan_narrow, minmay_the_grid_octo_shrine,
          minmay_the_grid_octo_chip, minmay_the_grid_octo_toaster,
          minmay_the_grid_square_5x5_megaprize_checkered,
          minmay_the_grid_square_5x5_inner_v,
          minmay_the_grid_square_5x5_two_small, minmay_the_grid_square_5x5_six,
          minmay_the_grid_square_5x5_fancy_junction], layout_honeycomb,
          nicolae_hepliaklqana_hippocampus, pan_entry, pf_coc_iceberg,
          zin_academy, uniq_josephina, uniq_norris
Depths:3: evilmike_negative_zone, layout_cave_pools, abyss_entry,
          serial_bayou_lagoon_a, grunt_pan_entry_spiral,
          grunt_hell_entry_dis_old, uniq_enchantress
Depths:4: grunt_zot_entry_hairpin, layout_gridville, enter_ziggurat_d,
          rand_demon_pan_entry_4, pf_hell_entry_tar_spiral,
          serial_sigils_hangedman_writhe

Skill      XL: |  1  2  3  4  5  6  7  8  9 10 11 12 13 14 15 16 17 18 19 20 21 22 23 |
---------------+----------------------------------------------------------------------+-----
Alchemy        | 3 4 5 6 7 8 10 11 12 13 | 13.1
Spellcasting   | 3 4 5 6 7 10 12 14 16 17 | 17.6
Fighting       | 1 2 3 5 7 12 15 16 17 18 19 21 | 21.2
Fire Magic     | 2 |  2.0
Axes           | 6 |  6.9
Maces & Flails | 4 8 13 15 | 15.4
Invocations    | 3 8 10 11 15 16 | 16.0
Armour         | 5 7 8 9 10 | 10.0
Throwing       | 4 8 10 15 16 | 16.0
Ice Magic      | 3 |  3.0
Translocations | 4 5 6 9 |  9.3
Conjurations   | 5 6 |  6.0
Shields        | 1 6 9 10 | 10.0
Hexes          | 2 3 5 |  5.0
Dodging        | |  1.7
Stealth        | |  1.4

Action                     |  1- 3 |  4- 6 |  7- 9 | 10-12 | 13-15 | 16-18 | 19-21 | 22-24 || total
---------------------------+-------+-------+-------+-------+-------+-------+-------+-------++-------
  Melee: Dagger            |    39 |       |       |       |       |       |       |       ||    39
         Headbutt          |     8 |    10 |    29 |    68 |   171 |   196 |   310 |   202 ||   994
         Punch             |     1 |       |     3 |     5 |     9 |     6 |       |       ||    24
         Flail             |    17 |    11 |       |       |       |       |       |       ||    28
         Spear             |       |   111 |   159 |   113 |       |       |       |       ||   383
         Broad axe         |       |       |       |   123 |       |       |       |       ||   123
         Eveningstar       |       |       |       |    54 |   715 |   918 |  1121 |   549 ||  3357
  Throw: Javelin           |       |       |       |       |       |     3 |       |       ||     3
         Large rock        |       |       |       |       |       |       |       |    20 ||    20
   Cast: Sting             |    23 |    10 |       |       |       |       |       |       ||    33
         Mercury Vapours   |     8 |     8 |       |       |       |       |       |       ||    16
         Olgreb's Toxic Ra |       |     9 |    36 |    71 |   139 |    39 |    38 |    11 ||   343
         Mephitic Cloud    |       |     4 |     2 |    25 |    23 |    23 |    10 |     2 ||    89
         Sticky Flame      |       |       |    20 |    63 |    62 |   101 |    50 |    26 ||   322
         Frozen Ramparts   |       |       |       |       |       |    89 |    14 |       ||   103
         Teleport Other    |       |       |       |       |       |     1 |     2 |     1 ||     4
         Irradiate         |       |       |       |       |       |    60 |    80 |    54 ||   194
         Manifold Assault  |       |       |       |       |       |    18 |    36 |    12 ||    66
         Blink             |       |       |       |       |       |     2 |     1 |     1 ||     4
         Iskenderun's Myst |       |       |       |       |       |       |     2 |       ||     2
         Yara's Violent Un |       |       |       |       |       |       |     4 |     4 ||     8
         Dimensional Bulls |       |       |       |       |       |       |       |     1 ||     1
 Invoke: Draw Destruction  |       |       |       |     4 |     1 |     3 |     4 |       ||    12
         Draw Summoning    |       |       |       |     3 |       |     1 |    12 |       ||    16
  Evoke: Wand              |       |     2 |       |     4 |     3 |     1 |     8 |       ||    18
    Use: Scroll            |       |       |     8 |    18 |     8 |    10 |     7 |     6 ||    57
         Potion            |       |       |       |     4 |     1 |    13 |    11 |    12 ||    41
   Stab: Sleeping          |     1 |       |       |     1 |       |       |       |       ||     2
         Confused          |       |       |     2 |     3 |     4 |     9 |     1 |       ||    19
         Distracted        |       |       |       |       |       |       |     1 |       ||     1
 Armour: Robe              |    55 |    99 |   130 |    98 |       |       |       |       ||   382
         Troll leather arm |       |       |       |   374 |   822 |   777 |       |       ||  1973
         Quicksilver drago |       |       |       |       |       |   290 |  1107 |   544 ||  1941
         Swamp dragon scal |       |       |       |       |       |   172 |       |       ||   172
  Dodge: Dodged            |    43 |    68 |    65 |   226 |   307 |   373 |   266 |   110 ||  1458
  Block: Kite shield       |       |       |       |       |       |   210 |   625 |   322 ||  1157
